 Dungeon Crawl Stone Soup version 0.25-a0-504-g768f60da87 (webtiles) character file.

Game seed: 16690164613657234294, levelgen mode: deterministic

256 Erk the Grasshopper (level 6, -11/50 HPs)
             Began as a Gnoll Warper on Feb 14, 2020.
             Killed from afar by Pikel the acid dragon (17 damage)
             ... with a splash of acid
             ... on level 4 of the Dungeon.
             The game lasted 00:09:06 (2651 turns).

Erk the Grasshopper (Gnoll Warper)                  Turns: 2651, Time: 00:09:06

Health: -11/50     AC:  7    Str: 16    XL:     6   Next: 16%
Magic:  12/13      EV: 15    Int: 19    God:
Gold:   95         SH:  0    Dex: 14    Spells: 13/15 levels left

rFire    + . .     SeeInvis .   a - +0 falchion
rCold    + . .     Gourm    .   (no shield)
rNeg     . . .     Faith    .   v - +2 robe {rC+ rF+}
rPois    .         Spirit   .   q - +2 hat
rElec    .         Reflect  .   b - +0 cloak
rCorr    .         Harm     .   (no gloves)
MR       .....                  (no boots)
Stlth    ++........             (no amulet)
HPRegen  0.16/turn              r - +4 ring of intelligence
MPRegen  0.13/turn              s - ring of wizardry

@: no status effects
A: distributed training, fangs 1, strong nose
a: no special abilities


You were on level 4 of the Dungeon.
You were not hungry.

You visited 1 branch of the dungeon, and saw 4 of its levels.

You collected 95 gold pieces.

Inventory:

Hand Weapons
 a - a +0 falchion (weapon)
Missiles
 e - 5 boomerangs of dispersal
 n - 8 poisoned darts (quivered)
 p - 6 silver javelins
Armour
 b - a +0 cloak (worn)
 q - a +2 hat (worn)
 v - a +2 robe of resistance (worn)
Jewellery
 r - a +4 ring of intelligence (left hand)
 s - a ring of wizardry (right hand)
Wands
 y - a wand of polymorph (4)
Scrolls
 c - a scroll of remove curse {unknown}
 d - a scroll of blinking
 g - 5 scrolls of teleportation {unknown}
 h - 3 scrolls of amnesia {unknown}
 i - a scroll of random uselessness {unknown}
 j - a scroll of magic mapping {unknown}
 l - a scroll of fog {unknown}
 m - 3 scrolls of identify {unknown}
Potions
 k - 2 potions of heal wounds {unknown}
 o - a potion of haste {unknown}
 t - a potion of mutation {unknown}
 u - a potion of degeneration {unknown}
 w - a potion of resistance {unknown}
 x - a potion of agility {unknown}
 z - a potion of cancellation {unknown}
Comestibles
 f - 5 rations


   Skills:
 + Level 4.9 Fighting
 + Level 1.8 Short Blades
 + Level 4.9 Long Blades
 + Level 1.8 Axes
 + Level 1.8 Maces & Flails
 + Level 1.8 Polearms
 + Level 1.8 Staves
 + Level 1.8 Slings
 + Level 1.8 Bows
 + Level 1.8 Crossbows
 + Level 3.1 Throwing
 + Level 3.1 Armour
 + Level 4.9 Dodging
 + Level 1.8 Stealth
 + Level 1.8 Shields
 + Level 1.8 Unarmed Combat
 + Level 5.3 Spellcasting
 + Level 1.4 Conjurations
 + Level 1.4 Hexes
 + Level 1.4 Charms
 + Level 1.4 Summonings
 + Level 1.4 Necromancy
 + Level 5.6 Translocations
 + Level 1.4 Transmutations
 + Level 1.4 Fire Magic
 + Level 1.4 Ice Magic
 + Level 1.4 Air Magic
 + Level 1.4 Earth Magic
 + Level 1.4 Poison Magic
 + Level 2.0 Invocations
 + Level 1.8 Evocations


You had 13 spell levels left.
You knew the following spells:

 Your Spells              Type           Power        Failure   Level  Hunger
a - Blink                 Tloc           N/A          1%          2    None

Your spell library contained the following spells:

 Spells                   Type           Power        Failure   Level  Hunger
 Shroud of Golubria       Chrm/Tloc      ###...       1%          2    None
 Gell's Gravitas          Tloc           ####......   1%          3    ##.....
 Lesser Beckoning         Tloc           ####......   1%          3    ##.....
 Teleport Other           Tloc           ####....     1%          3    ##.....
 Passage of Golubria      Tloc           N/A          4%          4    ####...
 Confusing Touch          Hex            ##......     9%          3    ##.....
 Petrify                  Tmut/Erth      ##......     26%         4    ####...
 Metabolic Englaciation   Hex/Ice        ##........   56%         5    #####..
 Yara's Violent Unravell  Hex/Tmut       ##........   56%         5    #####..


Dungeon Overview and Level Annotations

Branches:
Dungeon (4/15)
 Temple: D:4-7

Altars:
Yredelemnul

Annotations:
D:4 Pikel


Innate Abilities, Weirdness & Mutations

Your experience applies equally to all skills.
You have very sharp teeth.
Your uncanny sense of smell can sniff out nearby items.


Message History

Press: ? - help, Shift-Dir - straight line, f/p - Pikel
Aim: Pikel, wielding a +1 whip of electrocution and wearing a +0 robe (lightly wounded, chance to defeat MR: 50%) Pikel evaporates and reforms as an acid dragon!
The slave completely misses you. Pikel bites you. Pikel barely misses you.
You hit Pikel.
Pikel is lightly wounded.
The slave closely misses you. Pikel bites you! Pikel misses you.
You hit Pikel but do no damage.
Pikel is lightly wounded.
The slave closely misses you. Pikel spits acid at you.
The splash of acid hits you!
You are splashed with acid!
* * * LOW HITPOINT WARNING * * *
Sorry, you're not good enough to have a special ability.
Casting: Blink (safe; 1% risk of failure)
Confirm with . or Enter, or press ? or * to list all spells.
You blink.
Pikel spits acid at you. The splash of acid hits you!
You die...

##.##.## ...... # ##.##.#
∆ .##...#.## # ........
.## #...#.# #.#
.###.####.##.####.#
........@.....Dp.#
#.<.###########.#
#...###..pD....)#
####...#...p.#####.......
#.........##)# ########
#.........##p#
#.........##p#
####...#.p...#
#...#######


You could see Pikel the acid dragon and a slave.

Vanquished Creatures
  A porcupine (D:3)
  Crazy Yiuf (D:3)
  Jessica (D:3)
  4 adders
  2 worms (D:3)
  2 dart slugs
  2 orcs (D:3)
  13 bats
  5 giant cockroaches
  8 goblins
  A hobgoblin (D:3)
  A ball python (D:2)
  4 frilled lizards
  5 kobolds
  8 rats
58 creatures vanquished.

Notes
Turn   | Place    | Note
-------+----------+-------------------------------------------
     0 | D:1      | Erk the Gnoll Warper began the quest for the Orb.
     0 | D:1      | Reached XP level 1. HP: 20/20 MP: 6/6
   101 | D:1      | Reached XP level 2. HP: 17/26 MP: 7/7
   612 | D:2      | Reached skill level 5 in Spellcasting
   612 | D:2      | Reached XP level 3. HP: 31/31 MP: 7/9
   912 | D:2      | Reached skill level 1 in Invocations
  1098 | D:2      | Learned a level 2 spell: Blink
  1263 | D:3      | Found a basalt altar of Yredelemnul.
  1300 | D:3      | Reached skill level 1 in Short Blades
  1300 | D:3      | Reached skill level 1 in Axes
  1300 | D:3      | Reached skill level 1 in Maces & Flails
  1300 | D:3      | Reached skill level 1 in Polearms
  1300 | D:3      | Reached skill level 1 in Staves
  1300 | D:3      | Reached skill level 1 in Slings
  1300 | D:3      | Reached skill level 1 in Bows
  1300 | D:3      | Reached skill level 1 in Crossbows
  1300 | D:3      | Reached skill level 1 in Stealth
  1300 | D:3      | Reached skill level 1 in Shields
  1300 | D:3      | Reached skill level 1 in Unarmed Combat
  1300 | D:3      | Reached skill level 1 in Evocations
  1329 | D:3      | Reached XP level 4. HP: 35/38 MP: 11/11
  1633 | D:3      | Found a runed translucent door.
  1634 | D:3      | Noticed Crazy Yiuf
  1653 | D:3      | Noticed Jessica
  1672 | D:3      | Killed Jessica
  1672 | D:3      | Reached skill level 1 in Conjurations
  1672 | D:3      | Reached skill level 1 in Hexes
  1672 | D:3      | Reached skill level 1 in Charms
  1672 | D:3      | Reached skill level 1 in Summonings
  1672 | D:3      | Reached skill level 1 in Necromancy
  1672 | D:3      | Reached skill level 1 in Transmutations
  1672 | D:3      | Reached skill level 1 in Fire Magic
  1672 | D:3      | Reached skill level 1 in Ice Magic
  1672 | D:3      | Reached skill level 1 in Air Magic
  1672 | D:3      | Reached skill level 1 in Earth Magic
  1672 | D:3      | Reached skill level 1 in Poison Magic
  1747 | D:3      | Reached XP level 5. HP: 30/43 MP: 12/12
  1839 | D:3      | Noticed Sigmund
  1843 | D:3      | Noticed Sigmund
  1843 | D:3      | Sigmund changed into Sigmund the porcupine
  1856 | D:3      | Killed Sigmund the porcupine
  1856 | D:3      | Reached XP level 6. HP: 31/50 MP: 7/13
  2257 | D:3      | Killed Crazy Yiuf
  2297 | D:4      | Noticed a slave
  2297 | D:4      | Noticed a slave
  2298 | D:4      | Noticed Pikel
  2298 | D:4      | Noticed a slave
  2299 | D:4      | Noticed a slave
  2313 | D:3      | HP: 2/50 [slave[Pikel] (7)]
  2639 | D:4      | Noticed Pikel
  2639 | D:4      | Pikel changed into Pikel the acid dragon
  2651 | D:4      | Killed from afar by Pikel the acid dragon

Levels and vault maps discovered:
D:1:      dpeg_arrival_rooms_c, layout_loops_ring
D:2:      layout_basic
D:3:      layout_basic, nicolae_overflow_crystal_walls, first_ration,
          serial_bayou_pond_d, roderic_batcave, uniq_sigmund, uniq_jessica,
          uniq_crazy_yiuf_cottage
D:4:      layout_loops_ring, elyvilon_altar_5, marbit_many_paths,
          fedhas_ov_isle_minmay, lightli_sewer_entry_pipes,
          chequers_serial_rivers_micro_e, minmay_joined_circles, uniq_menkaure,
          uniq_pikel

Skill      XL: |  1  2  3  4  5  6 |
---------------+-------------------+-----
Spellcasting   | 5 |  5.3
Invocations    | 1 2 |  2.0
Short Blades   | 1 |  1.8
Axes           | 1 |  1.8
Maces & Flails | 1 |  1.8
Polearms       | 1 |  1.8
Staves         | 1 |  1.8
Slings         | 1 |  1.8
Bows           | 1 |  1.8
Crossbows      | 1 |  1.8
Stealth        | 1 |  1.8
Shields        | 1 |  1.8
Unarmed Combat | 1 |  1.8
Evocations     | 1 |  1.8
Conjurations   | 1 |  1.4
Hexes          | 1 |  1.4
Charms         | 1 |  1.4
Summonings     | 1 |  1.4
Necromancy     | 1 |  1.4
Transmutations | 1 |  1.4
Fire Magic     | 1 |  1.4
Ice Magic      | 1 |  1.4
Air Magic      | 1 |  1.4
Earth Magic    | 1 |  1.4
Poison Magic   | 1 |  1.4
Throwing       | 3 |  3.1
Armour         | 3 |  3.1
Fighting       | |  4.9
Long Blades    | |  4.9
Dodging        | |  4.9
Translocations | |  5.6

Action                   |  1- 3 |  4- 6 || total
-------------------------+-------+-------++-------
Melee: Falchion          |    95 |    73 ||   168
       Bite              |    14 |     9 ||    23
       Unarmed           |       |     9 ||     9
Throw: Dart              |       |     6 ||     6
 Cast: Blink             |       |     5 ||     5
Evoke: Wand              |       |     3 ||     3
 Stab: Sleeping          |       |     2 ||     2
  Eat: Chunk             |     1 |     2 ||     3
       Ration            |       |     1 ||     1
Armor: Leather armour    |    25 |    18 ||    43
       Robe              |       |     7 ||     7
Dodge: Dodged            |    79 |    97 ||   176
       Rpst.: Falchion   |    23 |    23 ||    46

Table legend:
 A = Non-vault XP
 B = Vault XP
 C = Vault XP percentage of total XP
 D = Non-vault monster count
 E = Vault monster count
 F = Vault count percentage of total count
                 A         B        C        D         E       F
            +---------+---------+-------+---------+---------+-------
      Total |     132 |     235 |  64.0 |      47 |      11 |  19.0
            +---------+---------+-------+---------+---------+-------
        D:1 |      27 |       0 |   0.0 |      16 |       0 |   0.0
        D:2 |      35 |       0 |   0.0 |      16 |       0 |   0.0
        D:3 |      70 |     235 |  77.0 |      15 |      11 |  42.3
            +---------+---------+-------+---------+---------+-------
